 Dungeon Crawl Stone Soup version 0.13-a0-2485-g242ae62 (webtiles) character file.

913 Rycklaryybbe the Caller (level 7, 0/48 HPs)
             Began as a Mummy Summoner on July 21, 2013.
             Was an Initiate of Sif Muna.
             Slain by an orc
             ... wielding a cursed -2,-2 orcish mace
              (5 damage)
             ... on Level 5 of the Dungeon.
             The game lasted 00:21:07 (18195 turns).

Rycklaryybbe the Caller (Mummy Summoner)           Turns: 18195, Time: 00:21:09

HP   0/48        AC  5     Str 11      XL: 7   Next: 42%
MP   6/12        EV 12     Int 16      God: Sif Muna [......]
Gold 195         SH  0     Dex 12      Spells:  3 memorised,  4 levels left

Res.Fire  : x . .   See Invis. : .   f - +2 whip (elec)
Res.Cold  : + . .   Warding    : .   a - +0 robe
Life Prot.: + + +   Conserve   : .   (no shield)
Res.Poison: +       Res.Corr.  : .   s - +0 cap
Res.Elec. : .       Clarity    : .   l - +2 cloak {darkness}
Sust.Abil.: . .     Spirit.Shd : .   (no gloves)
Res.Mut.  : .       Stasis     : .   (no boots)
Res.Rott. : +       Flight     : .   (no amulet)
Saprovore : . . .                    (no ring)
                                     (no ring)

@: somewhat resistant to hostile enchantments, unstealthy
A: no food or potions, fire vulnerability, restore body, cold resistance 1, life
protection 3, poison resistance, torment resistance, unbreathing
a: Renounce Religion, Evoke Invisibility


You were on level 5 of the Dungeon.
You worshipped Sif Muna.
Sif Muna was noncommittal.
You were not hungry.

You visited 2 branches of the dungeon, and saw 6 of its levels.

You collected 175 gold pieces.

Inventory:

Hand weapons
 d - a +0,+0 whip
 f - a +2,+2 whip of electrocution (weapon)
 j - a +0,+0 hand axe
 k - a +0,+0 spear
 n - a +0,+0 spear
 r - a +0,+0 sling of frost
Missiles
 c - 13 stones (quivered)
 q - 8 silver sling bullets
Armour
 a - a +0 robe (worn)
 l - a +2 cloak of darkness (worn)
 s - a +0 cap (worn)
Magical devices
 o - a wand of lightning (7)
Scrolls
 e - 4 scrolls of identify
 g - a scroll of remove curse
 h - a scroll of enchant weapon II {unknown}
 i - 2 scrolls of amnesia
 m - 4 scrolls of fog
 p - a scroll of enchant weapon I {unknown}
Books
 b - a book of Callings

   Spells                             Type                      Level
   *Summon Small Mammal               Summoning                    1
   *Call Imp                          Summoning                    2
   *Call Canine Familiar              Summoning                    3
   Summon Scorpions                   Summoning/Poison             4
   Summon Ice Beast                   Ice/Summoning                4


   Skills:
 + Level 3.0 Fighting
 - Level 2.2 Maces & Flails
 - Level 1.5 Dodging
 - Level 1.5 Stealth
 - Level 2.0 Spellcasting
 - Level 6.3 Summonings


You had 4 spell levels left.
You knew the following spells:

 Your Spells              Type           Power        Failure   Level  Hunger
a - Summon Small Mammal   Summ           ###.         1%          1    N/A
b - Call Imp              Summ           ###.......   2%          2    N/A
c - Call Canine Familiar  Summ           ###.......   6%          3    N/A

Dungeon Overview and Level Annotations

Branches:
Dungeon (5/27)             Temple (1/1) D:4

Altars:
Ashenzari
Cheibriados
Fedhas
Makhleb
Nemelex Xobeh
Okawaru
Sif Muna
Trog
Xom
Yredelemnul
Zin

Annotations
D:2 1 exclusion


Innate Abilities, Weirdness & Mutations

You do not eat or drink.
Your flesh is vulnerable to fire.
Your flesh is cold resistant.
You are immune to negative energy.
Your system is resistant to poisons.
You are immune to unholy pain and torment.
You can survive without breathing.


Message History

The magic dart hits you!
Your crimson imp hits the orc.
The orc hits you with an orcish short sword.
The orc hits you with an orcish mace.
* * * LOW HITPOINT WARNING * * *
Your crimson imp hits the orc.
The orc wizard misses you.
Your crimson imp barely misses the orc.
The orc throws a runed orcish spear.
The runed orcish spear hits your crimson imp.
The orc closely misses your crimson imp.
You see here a runed orcish spear.
You closely miss the orc wizard. The orc wizard closely misses you.
Your crimson imp blinks!
The orc closely misses you. The orc wizard closely misses you.
Your crimson imp blinks!
The orc hits you with an orcish flail.
* * * LOW HITPOINT WARNING * * *
The orc wizard gestures at you while chanting.
The puff of frost hits you! You resist.
* * * LOW HITPOINT WARNING * * *
The orc hits you with an orcish mace.
You die...

#.................###
#######..............
#...#..............
##...#..............
##....#.............. .
#..........%......... ...
#....................
#...##......ยง.............
.......ooo@....<.........#.
.......5.oo...............
...!....O................
.......................
......................
.........5...........
...................
................. .........
...


You could see an ogre, an orc wizard, 4 orcs and 2 friendly crimson imps.

Vanquished Creatures
  An ogre (D:4)
  A phantom (D:5)
  A giant frog (D:1)
  2 hounds (D:4)
  A black bear zombie (D:5)
  Crazy Yiuf (D:2)
  2 orc wizards (D:3)
  An iguana (D:4)
  3 worker ants
  Jessica (D:3)
  5 adders
  3 gnolls (D:2)
  A worm (D:4)
  4 giant geckos
  3 oozes
  7 orcs
  3 ball pythons
  12 goblins
  11 hobgoblins
  A jackal (D:1)
  11 kobolds
  A quokka (D:3)
  8 bats
  5 giant cockroaches
  4 giant newts
  A kobold zombie (D:5)
  17 rats
111 creatures vanquished.

Vanquished Creatures (collateral kills)
  A centaur (D:5)
  A crimson imp (D:5)
  A worker ant (D:4)
  An adder (D:2)
  4 giant geckos
  2 bats
  A goblin (D:1)
  3 hobgoblins (D:1)
  2 jackals (D:1)
  A giant newt (D:2)
  6 kobolds (D:1)
  A rat (D:1)
24 creatures vanquished.

Vanquished Creatures (others)
  2 crimson imps (D:2)
  2 hounds (D:4)
  A shadow imp (D:2)
  4 white imps
  2 grey rats (D:1)
  2 jackals
  5 bats
  5 rats (D:1)
23 creatures vanquished.

Grand Total: 158 creatures vanquished

Notes
Turn   | Place    | Note
--------------------------------------------------------------
     0 | D:1      | Rycklaryybbe, the Mummy Summoner, began the quest for the Orb.
     0 | D:1      | Reached XP level 1. HP: 13/13 MP: 3/3
   406 | D:1      | Reached XP level 2. HP: 11/19 MP: 1/5
   579 | D:1      | Learned a level 2 spell: Call Imp
  1383 | D:1      | Reached XP level 3. HP: 17/24 MP: 1/6
  1594 | D:1      | Learned a level 3 spell: Call Canine Familiar
  8383 | D:1      | Noticed a giant frog
  8400 | D:1      | Killed a giant frog
  8400 | D:1      | Reached skill level 1 in Maces & Flails
  8400 | D:1      | Reached XP level 4. HP: 18/30 MP: 4/8
 10421 | D:2      | Noticed Crazy Yiuf
 10440 | D:2      | Paralysed by Crazy Yiuf for 4 turns
 10445 | D:2      | Killed Crazy Yiuf
 10637 | D:2      | Reached skill level 4 in Summonings
 10711 | D:2      | Found an iron altar of Okawaru.
 10715 | D:2      | Found a sparkling altar of Nemelex Xobeh.
 11096 | D:2      | Found a bloodstained altar of Trog.
 12429 | D:2      | Reached XP level 5. HP: 30/35 MP: 5/9
 14818 | D:2      | Noticed a skeletal warrior
 14826 | D:2      | Noticed a skeletal warrior
 14828 | D:2      | Noticed a skeletal warrior
 14832 | D:2      | Noticed a skeletal warrior
 15084 | D:3      | Reached skill level 5 in Summonings
 15297 | D:3      | Noticed Jessica
 15304 | D:3      | Killed Jessica
 15304 | D:3      | Reached XP level 6. HP: 36/41 MP: 11/11
 16592 | D:4      | Reached skill level 6 in Summonings
 16648 | D:4      | Found a staircase to the Ecumenical Temple.
 16654 | Temple   | Entered the Ecumenical Temple
 16869 | Temple   | Became a worshipper of Sif Muna the Loreminder
 17398 | D:4      | Reached XP level 7. HP: 34/46 MP: 9/12
 17681 | D:5      | Entered Level 5 of the Dungeon
 17704 | D:5      | Reached skill level 1 in Fighting
 18195 | D:5      | Slain by an orc

Action                   |  1- 3 |  4- 6 |  7- 9 || total
-------------------------+-------+-------+-------++-------
Melee: Whip              |   145 |   243 |    36 ||   424
Throw: Stone             |    11 |     1 |       ||    12
       Hand axe          |     4 |       |       ||     4
 Cast: Summon Small Mamm |    18 |    11 |       ||    29
       Call Imp          |    23 |    23 |     7 ||    53
       Call Canine Famil |       |     5 |     4 ||     9
  Use: Scroll            |       |     7 |       ||     7
 Stab: Sleeping          |       |     5 |       ||     5
